 Dungeon Crawl Stone Soup version 0.30-a0-576-g89cddaab80 (webtiles) character file.

Game seed: 12363573305427276375

13650 wormed the Covert (level 11, -3/58 HPs)
             Began as a Spriggan Hunter on Dec 31, 2022.
             Was a High Priest of Okawaru.
             Slain by a yaktaur
             ... wielding a +0 quarterstaff of flaming
              (14 damage)
             ... in a volcano.
             The game lasted 00:20:39 (11612 turns).

wormed the Covert (Spriggan Hunter)                Turns: 11612, Time: 00:20:40

Health: -3/58      AC:  8    Str:  7    XL:     11   Next: 78%
Magic:  12/12      EV: 31    Int: 10    God:    Okawaru [*****.]
Gold:   482        SH:  0    Dex: 27    Spells: 10/10 levels left

rFire   + . .      SeeInvis +    I - +3 shortbow
rCold   . . .      Faith    .    (shield currently unavailable)
rNeg    . . .      Spirit   .    x - +2 animal skin
rPois   +          Reflect  .    M - +2 hat {Stlth+}
rElec   .          Harm     .    C - +1 cloak {Stlth+}
rCorr   .          Rampage  .    (gloves unavailable)
Will    +....                    (boots unavailable)
Stlth   ++++++++                 o - amulet of regeneration
HPRegen 1.09/turn                H - +4 ring of slaying
MPRegen 0.13/turn                J - ring "Putivitu" {rPois rF+ Dex+3 SInv}

@: about to teleport, hasted, very quick
A: very small, no large weapons, unfitting armour, see invisible, speed 3
a: Renounce Religion, Heroism, Finesse, Duel


You were in a volcano.
You worshipped Okawaru.
Okawaru was extremely pleased with you.
You visited 2 branches of the dungeon, and saw 12 of its levels.
You also visited: Sewer and Volcano.

You collected 746 gold pieces.
You spent 264 gold pieces at shops.

Inventory:

Hand Weapons
 D - a +1 shortbow of flaming
 F - a +0 arbalest
 I - a +3 shortbow (weapon)
Missiles
 i - 4 throwing nets
Armour
 x - a +2 animal skin (worn)
 C - a +1 cloak of stealth (worn)
 M - a +2 hat of stealth (worn)
Jewellery
 a - a ring of positive energy
 j - a +4 ring of protection
 o - an amulet of regeneration (around neck)
 v - a ring of ice
 B - an amulet of magic regeneration
 G - a ring of flight
 H - a +4 ring of slaying (left hand)
 J - the ring "Putivitu" (right hand) {rPois rF+ Dex+3 SInv}
   (You found it on level 1 of the Lair of Beasts)

   [ring of poison resistance]

   Dex:       It affects your dexterity (+3).
   rF:        It protects you from fire.
   rPois:     It protects you from poison.
   SInv:      It lets you see invisible.
Wands
 q - a wand of iceblast (8)
 t - a wand of polymorph (2)
 y - a wand of flame (14)
 K - a wand of light (6)
Scrolls
 b - 2 scrolls of immolation
 d - 4 scrolls of noise
 e - 2 scrolls of poison {unknown}
 f - 3 scrolls of vulnerability
 h - 7 scrolls of blinking
 l - 2 scrolls of enchant armour
 n - 3 scrolls of magic mapping
 p - 11 scrolls of teleportation
 E - a scroll of enchant weapon
 L - a scroll of torment
 O - 2 scrolls of identify
Potions
 c - 2 potions of invisibility
 g - 5 potions of might
 k - 4 potions of magic
 m - 3 potions of haste
 r - a potion of berserk rage
 s - 3 potions of flight {unknown}
 u - 4 potions of mutation {unknown}
 w - 3 potions of degeneration {unknown}
 N - a potion of curing {unknown}


   Skills:
 + Level 7.4 Fighting
 * Level 12.8 Ranged Weapons
 + Level 11.5 Dodging
 + Level 13.3 Stealth


You had 10 spell levels left.
You didn't know any spells.
Your spell library contained the following spells:

 Spells                   Type           Power      Damage    Failure   Level
 Ensorcelled Hibernation  Hex/Ice        0%         N/A       50%         2
 Spider Form              Tmut/Pois      0%         N/A       75%         3
 Anguish                  Hex/Necr       0%         N/A       98%         4
 Enfeeble                 Hex            0%         N/A       100%        7


Dungeon Overview and Level Annotations

Branches:
Dungeon (11/15)            Temple (0/1) D:5            Lair (1/5) D:11
  Sewer (visited)         Volcano (1/1)
    Orc: D:9-12

Altars:
Cheibriados
Dithmenos
Fedhas
Gozag
Makhleb
Nemelex Xobeh
Okawaru
Qazlal
Trog
Wu Jian
The Shining One

Shops:
D:7 **(=


Innate Abilities, Weirdness & Mutations

You are very small and have problems with some larger weapons.
You are too small for most types of armour.
You have supernaturally acute eyesight. (SInv)
You cover ground extremely quickly. (Speed+++)


Message History

Fire: I) +3 shortbow
Press: ? - help, Q - select action, (/) - cycle Shift-Dir - straight line, f/p - centaur
Aim: a centaur (almost dead, 83% to hit)
You shoot an arrow. The arrow hits the centaur.
You kill the centaur!
Okawaru accepts your kill.
You hear a shout! x2
The centaur warrior hits you.
The centaur warrior completely misses you.
The centaur warrior hits you but does no damage.
The centaur warrior kicks you but does no damage.
Fire: I) +3 shortbow
Press: ? - help, Q - select action, (/) - cycle Shift-Dir - straight line, f - centaur warrior
Aim: a centaur warrior (lightly wounded, 80% to hit)
You shoot an arrow. The arrow hits the centaur warrior!
The centaur warrior is moderately wounded.
A yaktaur comes into view.
It is wielding a +2 arbalest of flaming.
The centaur warrior completely misses you. x2
Fire: I) +3 shortbow
Press: ? - help, Q - select action, (/) - cycle Shift-Dir - straight line, f/p - centaur warrior
Aim: a centaur warrior (moderately wounded, 80% to hit)
Okay, then.
As you read the scroll of teleportation, it crumbles to dust.
You feel strangely unstable.
There is a rumble as the volcano erupts.
The roof shakes.
The centaur warrior hits you! The centaur warrior closely misses you.
The yaktaur unwields a +2 arbalest of flaming.
It stops flaming.
The yaktaur wields a +0 quarterstaff of flaming.
It bursts into flame!
The yaktaur completely misses you.
You feel yourself speed up. The centaur warrior closely misses you.
The centaur warrior completely misses you.
The yaktaur completely misses you. The centaur warrior hits you!
* * * LOW HITPOINT WARNING * * *
The centaur warrior completely misses you.
As you read the scroll of fog, it crumbles to dust.
The scroll dissolves into smoke.
The centaur warrior closely misses you. The centaur warrior barely misses you.
The yaktaur hits you with a +0 quarterstaff of flaming!
You die...

## ... #..∩
.##.# .[!
#.#.##.)
####.#c...
..##....#
##.#....##
#....∩c.c###.
..###.......c..
##@#.#..#.###.
##§cc###.##..
#§§§§# ### c.#
#.∩#### $[# ##.
..# ##


You could see a centaur warrior and a yaktaur.

Vanquished Creatures
  2 two-headed ogres (D:11)
  A lindwurm (Lair:1)
  An elephant (Lair:1)
  2 cyclopes (D:11)
  A gargoyle (D:11)
  A black mamba (Lair:1)
  Joseph (D:9)
  2 cane toads (Lair:1)
  2 kobold demonologists (D:11)
  3 trolls (D:11)
  An air elemental (D:10)
  A water elemental (D:10)
  2 wyverns
  Sigmund (D:2)
  A fire elemental (D:10)
  12 yaks
  A steam dragon (D:9)
  An acid dragon (D:9)
  2 water moccasins
  4 orc warriors
  2 black bears
  An ogre (D:5)
  2 sky beasts
  12 centaurs
  A phantom (D:6)
  6 kobold brigands
  A gnoll sergeant (D:10)
  4 bullfrogs
  An earth elemental (D:10)
  2 scorpions
  10 wights
  18 killer bees
  A howler monkey (D:9)
  An electric eel (D:11)
  4 orc priests
  6 hounds
  2 jellies
  4 iguanas
  8 orc wizards
  5 hell rats (Lair:1)
  Robin (D:2)
  9 gnolls
  6 adders
  2 river rats (Lair:1)
  A white imp (D:8)
  3 ufetubi (D:5)
  A worm (D:4)
  3 dart slugs
  35 orcs
  7 endoplasms
  6 giant cockroaches
  16 goblins
  4 hobgoblins
  6 jackals
  3 quokkas
  11 ball pythons
  14 bats
  5 frilled lizards
  28 kobolds
  14 rats
308 creatures vanquished.

Vanquished Creatures (others)
  2 fungi
  A plant (Sewer)
3 creatures vanquished.

Grand Total: 311 creatures vanquished

Notes
Turn   | Place    | Note
-------+----------+-------------------------------------------
     0 | D:1      | wormed the Spriggan Hunter began the quest for the Orb.
     0 | D:1      | Reached XP level 1. HP: 10/10 MP: 2/2
    81 | D:1      | Reached skill level 2 in Stealth
   113 | D:1      | Reached XP level 2. HP: 15/15 MP: 3/3
   869 | D:2      | Noticed Sigmund
   976 | D:2      | Reached XP level 3. HP: 18/18 MP: 4/4
  1169 | D:3      | Reached skill level 3 in Stealth
  1213 | D:3      | Reached XP level 4. HP: 23/23 MP: 5/5
  1349 | D:3      | Found an iron altar of Okawaru.
  1358 | D:3      | Became a worshipper of Warmaster Okawaru
  1449 | D:3      | Found a faded altar of an unknown god.
  1551 | D:4      | Noticed a black bear
  1572 | D:4      | Killed a black bear
  1573 | D:4      | Reached skill level 5 in Ranged Weapons
  1573 | D:4      | Reached skill level 4 in Stealth
  1573 | D:4      | Reached XP level 5. HP: 27/27 MP: 6/6
  1738 | D:4      | Found a glowing drain.
  1748 | Sewer    | Entered a sewer
  1868 | Sewer    | Reached * piety under Okawaru
  1869 | Sewer    | Reached XP level 6. HP: 12/32 MP: 7/7
  1969 | Sewer    | HP: 2/48 [poisoned by a kobold brigand]
  2194 | Sewer    | Reached skill level 5 in Stealth
  2912 | D:5      | Entered Level 5 of the Dungeon
  3090 | D:5      | Reached skill level 5 in Dodging
  3119 | D:5      | Reached XP level 7. HP: 34/36 MP: 8/8
  3148 | D:5      | Found a staircase to the Ecumenical Temple.
  3447 | D:5      | Found the +18 Lear's hauberk
  3508 | D:5      | Reached ** piety under Okawaru
  3509 | D:5      | Reached skill level 6 in Stealth
  3711 | D:2      | Found a glowing golden altar of the Shining One.
  3730 | D:2      | Killed Sigmund
  3836 | D:2      | Noticed Robin
  3845 | D:2      | Killed Robin
  3939 | D:2      | Reached XP level 8. HP: 42/42 MP: 9/9
  4512 | D:6      | Reached skill level 7 in Stealth
  4685 | D:6      | Reached *** piety under Okawaru
  5081 | D:6      | Found an ornate altar of the Wu Jian Council.
  5088 | D:6      | Noticed a spectral centipede
  5088 | D:6      | Noticed a spectral black mamba
  5248 | D:7      | Reached skill level 8 in Stealth
  5444 | D:7      | Found Jathaisu's Jewellery Shoppe.
  5450 | D:7      | Found Sahini Ywag's General Store.
  5452 | D:7      | Found Gaseu's Antique Weapon Shoppe.
  5466 | D:7      | Found Feuhefal's General Store.
  5471 | D:7      | Bought a +1 cloak of stealth for 264 gold pieces
  5541 | D:7      | Reached XP level 9. HP: 44/46 MP: 10/10
  6093 | D:7      | Reached **** piety under Okawaru
  6120 | D:8      | Reached skill level 9 in Stealth
  6184 | D:8      | Reached skill level 5 in Fighting
  6753 | D:8      | Found a bloodstained altar of Trog.
  6843 | D:9      | Reached skill level 10 in Stealth
  6921 | D:9      | Reached ***** piety under Okawaru
  6963 | D:8      | Reached skill level 10 in Ranged Weapons
  7118 | D:9      | Reached XP level 10. HP: 52/52 MP: 11/11
  7129 | D:9      | Found a stormy altar of Qazlal.
  7131 | D:9      | Found a blossoming altar of Fedhas.
  7641 | D:9      | Noticed Joseph
  7658 | D:9      | Killed Joseph
  7880 | D:9      | Received a gift from Okawaru
  8060 | D:10     | Entered Level 10 of the Dungeon
  8080 | D:10     | Reached skill level 11 in Stealth
  8302 | D:10     | Found a shadowy altar of Dithmenos.
  8305 | D:10     | Found a burning altar of Makhleb.
  8854 | D:10     | Found a large runed translucent door.
  8854 | D:10     | Found a large runed translucent door.
  8948 | D:10     | Reached skill level 10 in Dodging
  9036 | D:10     | Found an opulent altar of Gozag.
  9038 | D:10     | Found a snail-covered altar of Cheibriados.
  9375 | D:10     | Paralysed by an air elemental for 1 turns
  9377 | D:10     | Paralysed by an air elemental for 1 turns
  9500 | D:11     | Found a staircase to the Lair.
  9527 | D:11     | Noticed a gargoyle
  9545 | D:11     | Killed a gargoyle
  9573 | D:11     | Noticed a two-headed ogre
  9584 | D:11     | Killed a two-headed ogre
  9585 | D:11     | Reached XP level 11. HP: 58/58 MP: 12/12
  9754 | D:11     | Reached skill level 12 in Stealth
  9868 | D:11     | Identified the +8 falchion "Spriggan's Foe" {holy, rElec
                  | rN++ Will- Dex+2}
 10119 | D:11     | Identified the +12 quarterstaff of Okawaru's Regard
                  | {freeze, rF+ Dex+3} (Okawaru gifted it to you on level 11
                  | of the Dungeon)
 10119 | D:11     | Received a gift from Okawaru
 10147 | D:11     | Noticed a two-headed ogre
 10158 | D:11     | Killed a two-headed ogre
 10581 | Lair:1   | Entered Level 1 of the Lair of Beasts
 10789 | Lair:1   | Identified the ring "Putivitu" {rPois rF+ Dex+3 SInv}
 10991 | Lair:1   | Reached skill level 13 in Stealth
 11135 | Lair:1   | Received a gift from Okawaru
 11254 | Lair:1   | Found a sparkling altar of Nemelex Xobeh.
 11299 | Lair:1   | Noticed a lindwurm
 11307 | Lair:1   | Killed a lindwurm
 11314 | Lair:1   | Found a dark tunnel.
 11567 | Volcano  | Entered a volcano
 11589 | Volcano  | Noticed a centaur warrior
 11612 | Volcano  | Slain by a yaktaur

Illustrated notes

Levels and vault maps discovered:
D:1:      amcnicky_arrival_feature_with_door, layout_basic, nrook_mini_vaults
D:2:      layout_rooms, basic_altar, uniq_robin, uniq_sigmund
D:3:      layout_rooms, kennysheep_okawaru_gauntlet,
          ebering_ecumenical_altar_ruins
D:4:      layout_basic, portal_sewer_entry_b
D:5:      layout_loops_cross, minmay_temple_entry_statues_fountains
D:6:      layout_loops_ring, pdpol_wu_jian_five_deadly_venoms, st_stairs_2
D:7:      layout_basic, minmay_shop_grid_forest
D:8:      layout_basic, mainiacjoe_overflow_brackets
D:9:      minmay_skewed_foursquare, layout_stronghold,
          grunt_temple_overflow_forces_of_nature, uniq_joseph
D:10:     layout_basic, nicolae_overflow_hidden_temple, lightli_elemental_guards
D:11:     layout_gridville, lair_entry_dummy, hangedman_decor_diamond_cutter,
          water_maze_lemuel
Lair:1:   layout_long_grid, nicolae_volcano_entry_vermiform, basic_altar,
          kennysheep_abandoned_house, grunt_megastairs_5, lemuel_fruit_fields
Volcano:  volcano_caves

Skill      XL: |  1  2  3  4  5  6  7  8  9 10 11 |
---------------+----------------------------------+-----
Stealth        | 2 3 4 5 6 8 10 11 13 | 13.3
Dodging        | 3 4 5 7 8 10 11 | 11.5
Fighting       | 2 3 4 5 6 7 |  7.4
Ranged Weapons | 5 6 7 8 10 11 12 | 12.8

Action                   |  1- 3 |  4- 6 |  7- 9 | 10-12 || total
-------------------------+-------+-------+-------+-------++-------
 Fire: Shortbow          |    72 |   205 |   434 |   428 ||  1139
       Arbalest          |       |       |    47 |       ||    47
Evoke: Wand              |       |       |     1 |       ||     1
  Use: Scroll            |       |     8 |     3 |     4 ||    15
       Potion            |       |     4 |     1 |     2 ||     7
Armor: Robe              |     2 |    12 |    10 |       ||    24
       Skin              |       |     5 |       |       ||     5
       Animal skin       |       |       |    31 |    37 ||    68
Dodge: Dodged            |    31 |    88 |   311 |   239 ||   669

Table legend: (Time is in decaauts)
 A = Elapsed time spent in this place.
 B = Non-inter-level travel time spent in this place.
 C = Inter-level travel time spent in this place.
 D = Time resting spent in this place.
 E = Time spent auto-exploring this place.
 F = Levels seen in this place.
 G = Mean time per level.
                   A        B        C        D        E       F      G
               +--------+--------+--------+--------+--------+-----+--------+
         Total |   7930 |   7525 |    405 |      0 |   5310 |  14 |  566.4 |
       Dungeon |   6685 |   6292 |    393 |      0 |   4460 |  11 |  607.7 |
          Lair |    630 |    619 |     11 |      0 |    476 |   1 |  630.0 |
         Sewer |    580 |    580 |      0 |      0 |    370 |   1 |  580.0 |
       Volcano |     34 |     34 |      0 |      0 |      3 |   1 |   34.0 |
               +--------+--------+--------+--------+--------+-----+--------+

Top non-repeatable levels by time:
    D:10: 915 daAuts
     D:9: 755 daAuts
     D:6: 731 daAuts
    D:11: 700 daAuts
     D:1: 682 daAuts
  Lair:1: 630 daAuts
     D:8: 617 daAuts
     D:7: 580 daAuts
   Sewer: 580 daAuts
     D:4: 515 daAuts
     D:5: 505 daAuts
     D:2: 411 daAuts
     D:3: 269 daAuts
 Volcano: 34 daAuts
